 Dungeon Sprint DCSS version 0.18.1-48-g4cf74bf (webtiles) character file.

2152 Joat the Quickloader (level 9, -1/79 HPs)
             Began as a Human Wanderer on Aug 26, 2016.
             Killed by divine providence
             ... invoked by a mummy priest
              (11 damage)
             ... in the Dungeon (Sprint V: "Ziggurat Sprint").
             The game lasted 00:10:16 (823 turns).

Joat the Quickloader (Human Wanderer)                Turns: 823, Time: 00:10:17

Health: -1/79      AC: 29    Str: 12    XL:     9   Next: 56%
Magic:  15/15      EV:  4    Int: 16    God:    Xom [..*...]
Gold:   0          SH:  0    Dex: 25    Spells: 0 memorised, 16 levels left

rFire  . . .     SeeInvis +     P - +9 heavy crossbow "Sniper" {velocity, nevermiss, SInv}
rCold  . . .     Gourm    .     R - +15 Maxwell's patent armour {-Cast -Tele rElec MR+ rCorr}
rNeg   . . .     Faith    .     (shield currently unavailable)
rPois  .         Spirit   .     (no helmet)
rElec  +         Dismiss  .     (no cloak)
rCorr  +         Reflect  .     (no gloves)
SustAt .         Harm     .     (no boots)
MR     .....     NoTele   +     S - amulet of rage
Stlth  .......... NoCast   +    C - +6 ring of dexterity
                                B - +6 ring of dexterity

@: vulnerable, slowed, drained, very slow, not resistant to hostile
enchantments, extremely unstealthy
A: no striking features
a: Renounce Religion, Evoke Berserk Rage


You were in the Dungeon.
You worshipped Xom.
You were a toy of Xom.
You were not hungry.

You visited 1 branch

Inventory:

Hand Weapons
 e - a +0 club
 L - the +6 Majin-Bo {vamp, Archmagi MP+6 Int+6}
   (You found it in the Dungeon)

   It inflicts no extra harm, but heals its wielder somewhat when it strikes a
   living foe.
   It affects your intelligence (+6).
   It affects your magic capacity (+6).
 P - the +9 heavy crossbow "Sniper" (weapon) {velocity, nevermiss, SInv}
   (You found it in the Dungeon)

   Any bolt fired from it inflicts extra damage.
   It lets you see invisible.
Missiles
 Q - 988 bolts (quivered)
Armour
 d - a +0 robe
 R - the +15 Maxwell's patent armour (worn) {-Cast -Tele rElec MR+ rCorr}
   (You found it in the Dungeon)

   It insulates you from electricity.
   It affects your resistance to hostile enchantments.
   It prevents spellcasting.
   It prevents most forms of teleportation.
   It protects you from acid and corrosion.
Magical Staves
 M - an uncursed staff of energy
Jewellery
 B - a +6 ring of dexterity (left hand)
 C - a +6 ring of dexterity (right hand)
 D - a +6 ring of intelligence
 E - a +6 ring of intelligence
 F - a +6 ring of strength
 G - a +6 ring of strength
 S - an amulet of rage (around neck)
Wands
 H - a wand of disintegration (7/24)
 I - a wand of iceblast (5/15)
 J - a wand of lightning (5/15)
 K - a wand of acid (5/15)
Scrolls
 l - 4 scrolls of blinking
 s - 4 scrolls of amnesia
 t - 3 scrolls of recharging
 u - 7 scrolls of fog
 w - 5 scrolls of identify
 x - 5 scrolls of remove curse
 y - 2 scrolls of fear
Potions
 c - a potion of lignification
 g - 10 potions of curing
 h - 9 potions of heal wounds
 i - 6 potions of haste
 j - 7 potions of magic
 k - 3 potions of berserk rage
 m - 2 potions of brilliance
 n - 2 potions of invisibility
 o - 4 potions of resistance
 q - 5 potions of agility
 r - 5 potions of might
Books
 b - the Catalogue of the Arsonist

   Spells                             Type                      Level
   a - Flame Tongue                   Conjuration/Fire             1
   b - Conjure Flame                  Conjuration/Fire             3
Miscellaneous
 a - a fan of gales
 N - a crystal ball of energy
 O - a disc of storms
Comestibles
 f - 5 bread rations
 z - 42 fruits
 A - 4 meat rations


   Skills:
 + Level 10.8(10.6) Fighting
 + Level 13.9(13.7) Crossbows
 + Level 10.7(10.5) Armour
   Level 1.0(0.8) Shields
 - Level 4.0(3.8) Spellcasting
   Level 1.0(0.8) Hexes
   Level 2.0(1.8) Charms
   Level 1.0(0.8) Poison Magic
 - Level 1.0(0.8) Evocations


You had 16 spell levels left.
You didn't know any spells.

Dungeon Overview and Level Annotations

Branches:
Dungeon (1/1)

Altars:
Ashenzari
Cheibriados
Dithmenos
Elyvilon
Fedhas
Gozag
Kikubaaqudgha
Makhleb
Nemelex Xobeh
Okawaru
Pakellas
Qazlal
Ru
Sif Muna
Trog
Vehumet
Xom
Yredelemnul
Zin
The Shining One
Beogh
Jiyva
Lugonu


Message History

The phantasmal warrior is no longer dazed.
The mummy priest is no longer dazed.
The phantasmal warrior blinks!
The shadow wraith hits you.
The shadow slips into darkness.
The shadow flickers and vanishes for a moment.
The greater mummy gestures at you while chanting.
Something smites you!
* * * LOW HITPOINT WARNING * * *
The guardian mummy is lost in a daze.
The ushabti hits you but does no damage.
The phantasmal warrior hits you!
* * * LOW HITPOINT WARNING * * *
Your magical defenses are stripped away!
The shadow wraith hits you but does no damage.
The guardian mummy hits you but does no damage.
The phantasmal warrior barely misses you.
The mummy priest invokes the aid of its god against you.
Something smites you!
You die...
Xom thinks this is hilarious!

, 8 8 ,*,,8
,,* , ,,,
,,▓..}.}..▓
,, , ,, ,,,
▓.."}|..▓
,, ,,,
▓....(..▓
,,, ,,
,,▓.......▓
,*,, ,,
▓..W3..Z▓ ,
, ,, ,,,


.4MMVW. ** * , ,* ▓.▓W8M▓.▓ ,* , , ▓...@WWZ▓ , * ▓▓▓▓▓▓▓▓▓ , , , ©8, , , You
could see a greater mummy, a mummy priest, a jiangshi, a shadow wraith
(invisible), 2 phantasmal warriors, a guardian mummy (dazed), an ushabti, a rust
devil, a freezing wraith, a chaos spawn, a shadow (invisible), an adder zombie
and an adder skeleton.

Vanquished Creatures
  2 ugly things (D)
  A guardian mummy (D)
  2 spriggans (D)
  A basilisk (shapeshifter) (D)
  A mottled dragon (shapeshifter) (D)
  A giant eyeball (D)
  A black bear (D)
  A phantom (D)
  2 wolves (D)
  A wight (D)
  3 jellies (D)
  An ooze (D)
  2 jackals (D)
  A giant cockroach zombie (D)
20 creatures vanquished.

Vanquished Creatures (others)
  2 acid blobs (D)
  3 azure jellies (D)
  A death ooze (D)
  Josephine (D)
7 creatures vanquished.

Grand Total: 27 creatures vanquished

Notes
Turn   | Place    | Note
--------------------------------------------------------------
     0 | D        | Joat the Human Wanderer began the quest for the Orb.
     0 | D        | Joat set off with: a fan of gales, the Catalogue of the Arsonist, a potion of lignification, a +0 robe, a +0 club, a bread ration, a potion of curing, a potion of heal wounds, a potion of haste, 2 potions of magic, a potion of berserk rage, a scroll of blinking
     0 | D        | Reached XP level 1. HP: 13/13 MP: 5/5
     0 | D        | Found a roughly hewn altar of Beogh.
     0 | D        | Found a viscous altar of Jiyva.
     0 | D        | Found a corrupted altar of Lugonu.
     0 | D        | Found a white marble altar of Elyvilon.
     0 | D        | Found a sparkling altar of Nemelex Xobeh.
     0 | D        | Found a burning altar of Makhleb.
     0 | D        | Found an iron altar of Okawaru.
     0 | D        | Found a deep blue altar of Sif Muna.
     0 | D        | Found a radiant altar of Vehumet.
     0 | D        | Found a bloodstained altar of Trog.
     0 | D        | Found a shimmering altar of Xom.
    43 | D        | Became a worshipper of Xom the Less-Predictable
    43 | D        | Killed an azure jelly
   158 | D        | Killed an acid blob
   162 | D        | Entered arena 1.
   162 | D        | Noticed a phantom
   162 | D        | Noticed a wight
   164 | D        | XOM: butterfly on damage
   165 | D        | Killed a wight
   165 | D        | Reached skill level 6 in Crossbows
   165 | D        | Reached XP level 2. HP: 9/19 MP: 7/7
   165 | D        | Reached XP level 3. HP: 12/24 MP: 8/8
   171 | D        | Killed a phantom
   171 | D        | Reached skill level 9 in Crossbows
   171 | D        | Reached XP level 4. HP: 16/30 MP: 10/10
   171 | D        | Reached XP level 5. HP: 19/35 MP: 11/11
   185 | D        | Identified the Catalogue of the Arsonist
   185 | D        | Identified the Catalogue of Fire (You found it in the Dungeon)
   195 | D        | Reached skill level 5 in Fighting
   195 | D        | Reached skill level 11 in Crossbows
   195 | D        | Reached skill level 5 in Armour
   195 | D        | Reached XP level 6. HP: 33/52 MP: 12/12
   305 | D        | Entered arena 2.
   305 | D        | Noticed a wolf
   306 | D        | Killed a wolf
   309 | D        | Killed Josephine
   323 | D        | Entered arena 3.
   323 | D        | Noticed a red ugly thing
   323 | D        | Noticed a wyvern
   323 | D        | Noticed a green ugly thing
   323 | D        | Noticed an ogre
   323 | D        | Noticed a human
   323 | D        | a wyvern changed into a human
   324 | D        | Noticed a basilisk
   324 | D        | a human changed into a basilisk
   327 | D        | Killed a white ugly thing
   327 | D        | Reached skill level 12 in Crossbows
   327 | D        | Reached XP level 7. HP: 54/62 MP: 13/13
   327 | D        | Reached XP level 8. HP: 60/68 MP: 14/14
   328 | D        | XOM: cast spell 'Summon Ice Beast'
   329 | D        | Killed a basilisk
   332 | D        | Killed a green ugly thing
   332 | D        | Reached skill level 13 in Crossbows
   394 | D        | XOM: silly message
   515 | D        | XOM: mild Hex miscast
   520 | D        | XOM: colour smoke trail
   526 | D        | Killed an azure jelly
   598 | D        | Entered arena 4.
   598 | D        | Noticed a spriggan
   598 | D        | Noticed a spriggan
   600 | D        | Killed a spriggan
   600 | D        | Reached XP level 9. HP: 78/78 MP: 15/15
   600 | D        | XOM: divination: magic mapping
   604 | D        | Reached skill level 10 in Fighting
   604 | D        | Reached skill level 10 in Armour
   604 | D        | XOM: potion effect (berserk rage)
   704 | D        | Killed an azure jelly
   720 | D        | Killed an acid blob
   760 | D        | Entered arena 5.
   762 | D        | Paralysed by a giant eyeball for 3 turns
   767 | D        | XOM: confuse monster(s)
   795 | D        | Killed a death ooze
   814 | D        | Entered arena 6.
   814 | D        | Noticed a guardian mummy
   814 | D        | Noticed an ushabti
   814 | D        | Noticed a greater mummy
   814 | D        | Noticed a guardian mummy
   814 | D        | Noticed a mummy priest
   816 | D        | Noticed a shadow wraith
   816 | D        | Noticed a phantasmal warrior
   818 | D        | Killed a guardian mummy
   820 | D        | Noticed a phantasmal warrior
   820 | D        | Noticed a jiangshi
   820 | D        | Noticed a rust devil
   822 | D        | Noticed a freezing wraith
   823 | D        | Killed from afar by a mummy priest

Skill      XL: |  1  2  3  4  5  6  7  8  9 |
---------------+----------------------------+-----
Crossbows      | 6 9 11 12 13 | 13.9
Fighting       | 5 8 9 10 | 10.8
Armour         | 5 8 9 10 | 10.7
Shields        | |  1.0
Spellcasting   | |  4.0
Hexes          | |  1.0
Charms         | |  2.0
Poison Magic   | |  1.0
Evocations     | |  1.0

Action                   |  1- 3 |  4- 6 |  7- 9 || total
-------------------------+-------+-------+-------++-------
Melee: Heavy crossbow    |       |       |     4 ||     4
 Fire: Heavy crossbow    |     8 |     7 |    25 ||    40
  Use: Potion            |       |     1 |     1 ||     2
       Scroll            |       |       |     1 ||     1
Armor: Plate armour      |     4 |     5 |    72 ||    81
Dodge: Dodged            |       |     2 |    16 ||    18
